 Dungeon Crawl Stone Soup version 0.18-a0-116-g2d311b1 (webtiles) character file.

9086 ReteAZ the Grappler (level 11, -14/102 HPs)
             Began as a Troll Monk on Nov 17, 2015.
             Was a High Priest of Cheibriados.
             Demolished by a large slime creature (25 damage)
             ... on level 10 of the Dungeon.
             The game lasted 00:19:01 (9084 turns).

ReteAZ the Grappler (Troll Monk)                    Turns: 9084, Time: 00:19:01

Health: -14/102    AC:  7    Str: 35    XL:     11   Next: 18%
Magic:  10/15      EV: 15    Int: 21    God:    Cheibriados [*****.]
Gold:   1061       SH:  0    Dex: 28    Spells: 0 memorised, 10 levels left

rFire  . . .     SeeInvis .       - Unarmed
rCold  . . .     Clarity  .     a - +1 robe
rNeg   . . .     SustAt   .     (no shield)
rPois  .         Gourm    +     (helmet restricted)
rElec  .         Spirit   .     C - +0 cloak
rCorr  .         Warding  .     (gloves unavailable)
rMut   .         Stasis   .     (boots unavailable)
MR     .....                    (no amulet)
Stlth  ++........               (no ring)
                                (no ring)

@: very slow, not resistant to hostile enchantments, unstealthy
A: unfitting armour, claws 3, fast metabolism 3, gourmand, regeneration 2,
shaggy fur 1, tough skin 2
a: Bend Time, Temporal Distortion, Slouch, Step From Time, Renounce Religion


You were on level 10 of the Dungeon.
You worshipped Cheibriados.
Cheibriados was extremely pleased with you.
You were completely stuffed.

You visited 2 branches of the dungeon, and saw 11 of its levels.
You also visited: Ossuary.

You collected 1061 gold pieces.

Inventory:

Missiles
 H - 9 tomahawks (quivered)
 P - a throwing net
Armour
 a - a +1 robe (worn)
 C - a +0 cloak (worn)
Jewellery
 h - a cursed ring of wizardry
 j - a +4 ring of intelligence {unknown}
 G - an uncursed ring of fire
 L - an uncursed ring of protection from cold {unknown}
Wands
 n - a wand of teleportation (7)
 t - a wand of draining (5)
 B - a wand of polymorph (13)
 D - a wand of polymorph (7)
 I - a wand of paralysis (9)
 K - a wand of fire (1)
 N - a wand of teleportation (1)
 R - a wand of polymorph (6)
Scrolls
 c - 4 scrolls of enchant armour
 e - 7 scrolls of remove curse
 p - 4 scrolls of recharging
 s - a scroll of random uselessness
 y - a scroll of fog
 E - a scroll of amnesia
 F - 2 scrolls of teleportation
 M - a scroll of blinking
 O - a scroll of identify
Potions
 f - 3 potions of magic
 g - a potion of haste {unknown}
 i - a potion of ambrosia {unknown}
 l - 3 potions of agility
 o - a potion of lignification
 q - 3 potions of brilliance {unknown}
 r - a potion of berserk rage {unknown}
 u - 2 potions of heal wounds
 v - 2 potions of flight
 x - 2 potions of poison {unknown}
 z - 4 potions of curing
 A - a potion of degeneration {unknown}
Books
 d - a book of Power

   Spells                             Type                      Level
   a - Fulminant Prism                Conjuration/Hexes            4
   b - Iskenderun's Mystic Blast      Conjuration                  4
   c - Venom Bolt                     Conjuration/Poison           5
   d - Bolt of Magma                  Conjuration/Fire/Earth       5
   e - Iron Shot                      Conjuration/Earth            6
   f - Orb of Destruction             Conjuration                  7
   g - Spellforged Servitor           Conjuration/Summoning        7
 J - a book of Battle

   Spells                             Type                      Level
   a - Infusion                       Charms                       1
   b - Shroud of Golubria             Charms/Translocation         2
   c - Song of Slaying                Charms                       2
   d - Spectral Weapon                Hexes/Charms                 3
   e - Regeneration                   Charms/Necromancy            3
Comestibles
 b - 6 bread rations {@e1}
 k - 2 beef jerkies
 m - 5 meat rations {@e2}
 w - 5 fruits


   Skills:
 - Level 5.1 Fighting
 - Level 5.2 Dodging
 - Level 1.1 Stealth
 * Level 13.8 Unarmed Combat
 + Level 6.8 Invocations


You had 10 spell levels left.
You didn't know any spells.

Dungeon Overview and Level Annotations

Branches:
Dungeon (10/15)            Temple (1/1) D:6            Lair (0/8) D:10
    Orc: D:9-12

Altars:
Ashenzari
Cheibriados
Dithmenos
Elyvilon
Fedhas
Gozag
Kikubaaqudgha
Makhleb
Nemelex Xobeh
Okawaru
Qazlal
Ru
Sif Muna
Trog
Vehumet
Xom
Yredelemnul
Zin
The Shining One

Shops:
D:6 [**:   D:8 [   D:9 ?

Annotations:
D:8 1 runed door


Innate Abilities, Weirdness & Mutations

You are too large for most types of armour.
You have claws for hands.
Your metabolism is lightning-fast.
You like to eat raw meat.
You heal very quickly.
You are covered in fur (AC +1).
You have very tough skin (AC +2).


Message History

You can feel time thicken for a moment.
You feel somewhat less full.
Cheibriados reduces the support of your attributes as your movement quickens.
An enormous slime creature splits.
You mangle the large slime creature!!
The large slime creature is moderately wounded.
The large slime creature closely misses you.
You mangle the large slime creature!!
The large slime creature is heavily wounded.
The large slime creature closely misses you.
A large slime creature splits.
You completely miss the slime creature. You claw the slime creature!!
The slime creature is almost dead.
The large slime creature hits you!
* * * LOW HITPOINT WARNING * * *
The slime creature hits you.
* * * LOW HITPOINT WARNING * * *
You scratch the slime creature.
The slime creature is almost dead.
The slime creature misses you. The large slime creature hits you!!
You die...

#......#.......#...#...........#.
#......##......#...#...........#.
#.......#......#.<.#....#####..#.
#.......#......#...#....#...#..#.
#.......#......#...#....'...#..##
#.......+......'...#....#...#....
#########......#####....#...#....
................JJ......#...#....
................@J......#...#....
.......#######'###......#...#....
.......#.........#......#...#....
.......#.........#......#####....
####...#.........#...............
#...###########...............
#......................######.
#..###'####............# #.
#..#......#............# #.


You could see a large slime creature and 2 slime creatures.

Vanquished Creatures
  Snorg (D:10)
  Josephine (D:10)
  Harold (D:10)
  2 slime creatures (D:10)
  A deep elf mage (D:9)
  A deep elf fighter (D:10)
  The ghost of Proton the Chopper, an amateur DDFi (D:4)
  3 yaks (D:10)
  3 wraiths (D:10)
  A water moccasin (D:6)
  A wasp (D:9)
  4 ice beasts
  2 phantoms
  2 sky beasts
  3 ogres
  4 orc warriors
  2 black bears (D:9)
  2 centaurs
  7 giant frogs
  A gnoll sergeant (D:9)
  5 scorpions
  7 hounds
  4 centaur zombies
  6 crimson imps
  A quasit (D:9)
  9 orc wizards
  Crazy Yiuf (D:5)
  2 centaur skeletons
  3 iguanas
  6 orc priests
  A giant frog skeleton (D:6)
  5 jellies
  14 worker ants
  A hound skeleton (D:5)
  2 hound zombies
  2 mummies (Ossuary)
  9 gnolls
  13 adders
  4 river rats (D:10)
  3 shadow imps
  An adder skeleton (D:6)
  2 worms (D:2)
  36 orcs
  2 ball pythons
  17 bats
  3 gnoll zombies (Ossuary)
  10 goblins
  10 hobgoblins
  6 jackals
  9 kobolds
  2 quokkas
  15 giant cockroaches
  10 giant geckos
  2 giant gecko skeletons (D:5)
  3 giant newts
  3 goblin zombies (Ossuary)
  4 hobgoblin zombies (Ossuary)
  3 orc zombies (Ossuary)
  A quokka skeleton (D:6)
  A quokka zombie (D:8)
  19 rats
300 creatures vanquished.

Notes
Turn   | Place    | Note
--------------------------------------------------------------
     0 | D:1      | ReteAZ the Troll Monk began the quest for the Orb.
     0 | D:1      | Reached XP level 1. HP: 22/22 MP: 0/0
   285 | D:1      | Reached XP level 2. HP: 29/29 MP: 1/1
  1101 | D:2      | Found a bloodstained altar of Trog.
  1145 | D:2      | Found a shimmering altar of Xom.
  1147 | D:2      | Reached XP level 3. HP: 36/36 MP: 2/2
  1653 | D:2      | Reached XP level 4. HP: 36/44 MP: 3/3
  2396 | D:3      | Reached skill level 5 in Unarmed Combat
  2414 | D:3      | Found an opulent altar of Gozag.
  2478 | D:3      | Found a glowing golden altar of the Shining One.
  2966 | D:4      | Noticed Proton's ghost (amateur DDFi)
  2981 | D:4      | Noticed a phantom
  2982 | D:4      | Killed Proton's ghost
  2982 | D:4      | Reached XP level 5. HP: 24/53 MP: 4/4
  2982 | D:4      | Reached XP level 6. HP: 27/61 MP: 5/5
  2994 | D:4      | Reached skill level 6 in Unarmed Combat
  3136 | D:4      | Found a blossoming altar of Fedhas.
  3209 | D:4      | Found a shadowy altar of Dithmenos.
  3289 | D:4      | Found a sand-covered staircase.
  3298 | Ossuary  | Entered an ossuary
  3518 | D:4      | Reached XP level 7. HP: 66/68 MP: 6/6
  3547 | D:4      | Found a basalt altar of Yredelemnul.
  3854 | D:5      | Entered Level 5 of the Dungeon
  3903 | D:5      | Reached skill level 7 in Unarmed Combat
  4435 | D:5      | Reached XP level 8. HP: 63/79 MP: 7/7
  4618 | D:5      | Noticed Crazy Yiuf
  4626 | D:5      | Killed Crazy Yiuf
  4829 | D:5      | Reached skill level 8 in Unarmed Combat
  5000 | D:6      | Found a staircase to the Ecumenical Temple.
  5006 | Temple   | Entered the Ecumenical Temple
  5058 | Temple   | Became a worshipper of Cheibriados the Contemplative
  5058 | Temple   | Reached * piety under Cheibriados
  5058 | Temple   | Reached ** piety under Cheibriados
  5274 | D:6      | Reached skill level 5 in Dodging
  5278 | D:6      | Reached skill level 5 in Fighting
  5278 | D:6      | Reached skill level 9 in Unarmed Combat
  5298 | D:6      | Found a shattered altar of Ashenzari.
  5435 | D:6      | Found Zakkyru's Assorted Antiques.
  5436 | D:6      | Found Voeg Feu's Book Emporium.
  5640 | D:6      | Found Zaahexoh's Assorted Antiques.
  5714 | D:6      | Found Bedgh's Antique Armour Emporium.
  6046 | D:7      | Reached XP level 9. HP: 88/88 MP: 8/8
  6054 | D:7      | Reached skill level 1 in Invocations
  6131 | D:7      | Reached *** piety under Cheibriados
  6225 | D:7      | Reached skill level 10 in Unarmed Combat
  6571 | D:7      | Found a burning altar of Makhleb.
  6749 | D:8      | Noticed a centaur zombie
  6754 | D:8      | Killed a centaur zombie
  6757 | D:8      | You fall through a shaft!
  6802 | D:8      | Noticed a gargoyle
  6886 | D:8      | Found a stormy altar of Qazlal.
  6945 | D:8      | Reached **** piety under Cheibriados
  7031 | D:8      | Reached skill level 11 in Unarmed Combat
  7041 | D:8      | Found a runed door.
  7066 | D:8      | Found a runed door.
  7197 | D:8      | Found an iron altar of Okawaru.
  7364 | D:8      | Reached ***** piety under Cheibriados
  7410 | D:8      | Found Elagea's Armour Emporium.
  7534 | D:8      | Found a glowing golden altar of the Shining One.
  7586 | D:9      | Reached XP level 10. HP: 88/96 MP: 12/12
  7733 | D:9      | Found a white marble altar of Elyvilon.
  7813 | D:9      | Reached skill level 12 in Unarmed Combat
  7832 | D:9      | Found Xoupoj's Magic Scroll Shop.
  8196 | D:9      | Found a radiant altar of Vehumet.
  8207 | D:9      | Reached skill level 5 in Invocations
  8268 | D:10     | Entered Level 10 of the Dungeon
  8303 | D:10     | Noticed Josephine
  8313 | D:10     | Killed Josephine
  8415 | D:10     | Noticed Snorg
  8426 | D:10     | Killed Snorg
  8426 | D:10     | Reached skill level 13 in Unarmed Combat
  8642 | D:10     | Reached XP level 11. HP: 89/102 MP: 14/14
  8762 | D:10     | Noticed Harold
  8774 | D:10     | Killed Harold
  8928 | D:10     | Found a staircase to the Lair.
  9074 | D:10     | Reached ****** piety under Cheibriados
  9084 | D:10     | Demolished by a large slime creature

Vault maps used:
D:1:      tarquinn_simple_flora_water_e, serial_park_tiny_1,
          minmay_misc_feat_iff
D:2:      nicolae_overflow_crystal_walls, old_standard_altar
D:3:      nicolae_gozag_cash_rules_everything_around_me, first_bread,
          minivault_5, solitary_fountain, tso_metal_star
D:4:      yredelemnul_altar_generic, nicolae_dithmenos_through_a_glass_darkly,
          kennysheep_mini, lightli_ossuary_entry_decrepit_ruins
D:5:      minmay_curled_crystal, grunt_ministairs_6,
          wad_floor_pattern_untrapped, minmay_misc_feat_chi,
          uniq_crazy_yiuf_cottage
D:6:      minmay_temple_entry_metal_lava, serial_shops, kennysheep_mini_moat,
          shop, shop, kennysheep_little_box, minmay_misc_feat_hallway,
          ashenzari_altar_1
D:7:      overflow_temple_1_default
D:8:      lemuel_insect_pit, okawaru_altar_gauntlet_db, grunt_qazlal_clouds,
          overflow_temple_1_default, serial_shops, nicolae_shop_trees
D:9:      lemuel_crystal_altar, serial_shops, shop, elyvilon_altar_5
D:10:     grunt_lair_entry_elf_guard_hut, uniq_snorg, uniq_josephine,
          uniq_harold
Temple:   minmay_temple_bridge_a_8
Ossuary:  minmay_ossuary_gauntlet

Action                   |  1- 3 |  4- 6 |  7- 9 | 10-12 || total
-------------------------+-------+-------+-------+-------++-------
Melee: Unarmed           |    96 |   125 |   385 |   150 ||   756
Throw: Tomahawk          |       |       |       |     4 ||     4
Invok: Slouch            |       |       |       |     4 ||     4
  Use: Scroll            |       |     8 |    12 |     1 ||    21
 Stab: Sleeping          |     2 |     2 |    11 |     4 ||    19
       Distracted        |     1 |       |     2 |       ||     3
  Eat: Chunk             |    18 |    14 |    35 |    11 ||    78
